 Dungeon Crawl Stone Soup version 0.23.2 (webtiles) character file.

Game seed: 5854478813810708890

116 Leeroy the Digger (level 5, -1/35 HPs)
             Began as a Formicid Earth Elementalist on Apr 11, 2019.
             Slain by a kobold (2 damage)
             ... on level 3 of the Dungeon.
             The game lasted 00:09:56 (3321 turns).

Leeroy the Digger (Formicid Earth Elementalist)     Turns: 3321, Time: 00:09:57

Health: -1/35      AC:  3    Str: 11 (13) XL:     5   Next: 21%
Magic:  4/8        EV: 17    Int: 14 (15) God:
Gold:   78         SH:  0    Dex: 14 (16) Spells: 2/8 levels left

rFire    . . .     SeeInvis +   h - +0 short sword
rCold    . . .     Gourm    .   (no shield)
rNeg     . . .     Faith    .   v - +0 leather armour
rPois    .         Spirit   .   (helmet unavailable)
rElec    .         Reflect  .   (no cloak)
rCorr    .         Harm     .   (no gloves)
MR       .....                  (no boots)
Stlth    +++.......             (no amulet)
HPRegen  0.11/turn              (no ring)
MPRegen  0.11/turn              (no ring)

@: agile, lethally poisoned (-1 -> -3)
A: permanent stasis, dig shafts and tunnels, four strong arms, antennae 3
a: Dig, Shaft Self


You were on level 3 of the Dungeon.
You were not hungry.

You visited 1 branch of the dungeon, and saw 3 of its levels.

You collected 78 gold pieces.

Inventory:

Hand Weapons
 a - a +0 dagger
 f - a +0 spear
 h - a +0 short sword (weapon)
 m - a +0 mace
 o - a +0 club
 q - a +0 hunting sling
 y - a +0 dagger of holy wrath
 z - a +0 hand axe
Missiles
 b - 48 stones (quivered)
 r - 45 sling bullets
 x - 8 tomahawks
Armour
 c - a +0 robe
 e - a cursed +0 ring mail
 v - a +0 leather armour (worn)
 w - a +0 chain mail
Jewellery
 j - a +3 ring of dexterity {unknown}
Scrolls
 k - 2 scrolls of amnesia
 l - 2 scrolls of teleportation {unknown}
 n - a scroll of fear {unknown}
 p - a scroll of remove curse {unknown}
 s - a scroll of random uselessness {unknown}
 u - a scroll of identify {unknown}
Potions
 t - a potion of brilliance
Comestibles
 d - 6 rations


   Skills:
 * Level 2.7 Short Blades
 * Level 1.7 Armour
 - Level 1.7 Dodging
 - Level 2.4 Stealth
 - Level 2.2 Spellcasting
 + Level 0.1 Conjurations
 + Level 1.1 Transmutations
 + Level 4.9 Earth Magic


You had 2 spell levels left.
You knew the following spells:

 Your Spells              Type           Power        Failure   Level  Hunger
a - Sandblast             Erth           ###...       4%          1    #......
b - Passwall              Tmut/Erth      ##......     13%         2    ###....
c - Stone Arrow           Conj/Erth      #.....       32%         3    ###....

Your spell library contained the following spells:

 Spells                   Type           Power        Failure   Level  Hunger
 Corona                   Hex            #......      30%         1    #......
 Ensorcelled Hibernation  Hex/Ice        #.....       43%         2    ###....
 Dazzling Spray           Conj/Hex       #.....       65%         3    ###....
 Petrify                  Tmut/Erth      ##......     65%         4    #####..
 Confuse                  Hex            #.......     67%         3    ###....
 Tukima's Dance           Hex            #.......     67%         3    ###....
 Lee's Rapid Deconstruct  Erth           ###.......   73%         5    ######.


Dungeon Overview and Level Annotations

Branches:
Dungeon (3/15)

Altars:


Innate Abilities, Weirdness & Mutations

You cannot be hasted, slowed, berserked, paralysed or teleported.
You can dig through walls and to a lower floor.
Your four strong arms can wield two-handed weapons with a shield.
You have a pair of large antennae on your head. (SInv)


Message History

* * * LOW HITPOINT WARNING * * *
You feel sick. The adder barely misses you. The adder misses you.
Casting: Sandblast (safe; 4% risk of failure)
Confirm with . or Enter, or press ? or * to list all spells.
Aiming: Sandblast (safe; 4% risk of failure)
Press: ? - help, Shift-Dir - straight line, f - kobold, p - adder
Aim: a kobold The blast of sand hits the adder.
You kill the adder!
b - 49 stones
Casting: Sandblast (safe; 4% risk of failure)
Confirm with . or Enter, or press ? or * to list all spells.
Aiming: Sandblast (safe; 4% risk of failure)
Press: ? - help, Shift-Dir - straight line, f/p - kobold
Aim: a kobold The blast of sand hits the kobold.
The kobold is severely wounded.
b - 48 stones The kobold hits you.
You die...

{ .######## ###
#........# ..# ..# #@#
#.# #.# #K# #.# #.#
###.# #.## #.# ##.#.#
...# #.# #(#..###
...######.##.#†....# (
.......##.#.##.##%.#.#
.......)...###)# #..#
.....#.##......##..#.#


You could see a kobold.

Vanquished Creatures
  5 adders
  An adder skeleton (D:3)
  A worm (D:3)
  2 leopard geckos
  An orc (D:2)
  3 giant cockroaches
  11 goblins
  6 hobgoblins
  5 jackals
  7 kobolds
  9 bats
  4 frilled lizards
  4 rats
59 creatures vanquished.

Notes
Turn   | Place    | Note
-------+----------+-------------------------------------------
     0 | D:1      | Leeroy the Formicid Earth Elementalist began the quest for
                  | the Orb.
     0 | D:1      | Reached XP level 1. HP: 13/13 MP: 3/3
   193 | D:1      | Reached skill level 4 in Earth Magic
   193 | D:1      | Reached XP level 2. HP: 9/19 MP: 3/5
   335 | D:1      | Learned a level 2 spell: Passwall
   689 | D:2      | Reached skill level 1 in Armour
   806 | D:2      | Reached skill level 1 in Short Blades
   806 | D:2      | Reached XP level 3. HP: 18/24 MP: 6/6
   867 | D:2      | Learned a level 3 spell: Stone Arrow
  1551 | D:2      | HP: 1/24 [adder (2)]
  1553 | D:2      | Reached XP level 4. HP: 26/30 MP: 2/7
  3254 | D:3      | Reached XP level 5. HP: 26/35 MP: 5/8
  3319 | D:3      | HP: 1/35 [poisoned by an adder]
  3321 | D:3      | Slain by a kobold

Skill      XL: |  1  2  3 |
---------------+----------+-----
Earth Magic    | 4 |  4.9
Armour         | 1 |  1.7
Short Blades   | 1 2 |  2.7
Dodging        | |  1.7
Stealth        | |  2.4
Spellcasting   | |  2.2
Conjurations   | |  0.1
Transmutations | |  1.1

Action                   |  1- 3 |  4- 6 || total
-------------------------+-------+-------++-------
Melee: Dagger            |    23 |       ||    23
       Short sword       |    97 |    95 ||   192
 Cast: Sandblast         |     5 |    16 ||    21
       Stone Arrow       |       |     3 ||     3
  Use: Potion            |     2 |     3 ||     5
       Scroll            |       |     1 ||     1
 Stab: Sleeping          |     6 |     1 ||     7
  Eat: Chunk             |     2 |     7 ||     9
Armor: Robe              |    27 |     5 ||    32
       Leather armour    |       |    31 ||    31
Dodge: Dodged            |    90 |    78 ||   168
